Oilers vs Jets

Created - February 16 2012 at 20:14

Goals
1 2 3 OT1 SO T
Oilers 1 2 0 0 1 3
Jets 2 1 0 0 2 4
Shots
1 2 3 OT1 SO T
Oilers 13 8 3 0 6 24
Jets 9 6 2 1 6 18

Period #1

1. Oilers , Michal Handzus 11 (Radek Dvorak, Brent Sopel) at 1:42
2. Jets , Daniel Sedin 30 (Henrik Sedin, Erik Cole) at 16:31 (PP)
3. Jets , Blake Comeau 9 (Martin Erat, Andy McDonald) at 19:12 (PP)

Penalties :
Alex Goligoski (WPG) for Slashing (Minor) at 4:30, Brian Boyle (WPG) for Tripping (Minor) at 7:07, Nathan Gerbe (WPG) for Hooking (Minor) at 11:36, Adrian Aucoin (EDM) for Hooking (Minor) at 15:11, Jochen Hecht (EDM) for Goalie Interference (Minor) at 17:15

Period #2

4. Oilers , Radek Dvorak 5 (Brent Sopel, Michal Handzus) at 2:08
5. Jets , Martin Erat 25 (Andy McDonald, Cam Fowler) at 5:30
6. Oilers , Radek Dvorak 6 (Stephen Weiss) at 15:03 (SH)

Penalties :
Mark Giordano (WPG) for Hooking (Minor) at 5:14, Scott Nichol (EDM) for Tripping (Minor) at 5:14, Adrian Aucoin (EDM) for Hooking (Minor) at 13:35, Steve Sullivan (EDM) for Roughing (Minor) at 18:40

Period #3

No Goal

Penalties :
Carlo Colaiacovo (WPG) for Hooking (Minor) at 12:00, Clarke MacArthur (WPG) for Interference (Minor) at 12:53, Erik Cole (WPG) for High sticking (Minor) at 19:16

Overtime #1

No Goal

Penalties :
No Penalty

Shootout

Penalty Shot by Derek Roy for Oilers - Goal!
Penalty Shot by Henrik Sedin for Jets - Goal!
Penalty Shot by Stephen Weiss for Oilers - Stopped by Ilya Bryzgalov
Penalty Shot by Andy McDonald for Jets - Stopped by Kari Lehtonen
Penalty Shot by Andrew Ladd for Oilers - Shot Misses the Net
Penalty Shot by Erik Cole for Jets - Shot Misses the Net
Penalty Shot by Jochen Hecht for Oilers - Stopped by Ilya Bryzgalov
Penalty Shot by Blake Comeau for Jets - Stopped by Kari Lehtonen
Penalty Shot by Michal Handzus for Oilers - Stopped by Ilya Bryzgalov
Penalty Shot by Martin Erat for Jets - Stopped by Kari Lehtonen
Penalty Shot by Adam Burish for Oilers - Stopped by Ilya Bryzgalov
Penalty Shot by Daniel Sedin for Jets - Goal!

Penalties :
No Penalty

Goalie Stats

Kari Lehtonen (EDM), 15 saves from 18 shots - (0.833), OTL, 22-21-7, 65:00 minutes
Ilya Bryzgalov (WPG), 21 saves from 24 shots - (0.875), W, 28-21-6, 65:00 minutes

Players Stats

Oilers
Player Name              G  A  P  +/- PIM S  H  SB FO    MP 
------------------------------------------------------------
Adam Burish              0  0  0   0  0   0  0  0  1/1   12 
Adrian Aucoin            0  0  0   0  4   1  1  0  0/0   23 
Andrew Ladd              0  0  0  -1  0   4  0  0  0/0   20 
Brent Sopel              0  2  2   3  0   0  1  0  0/0   12 
Chris Phillips           0  0  0   0  0   1  0  1  0/0   25 
Dany Heatley             0  0  0   0  0   1  3  1  1/3   20 
Derek Roy                0  0  0  -1  0   2  0  0  9/21  18 
Fernando Pisani          0  0  0   0  0   0  0  0  0/0   9  
Jochen Hecht             0  0  0   0  2   1  1  0  0/0   16 
Karlis Skrastins         0  0  0  -1  0   1  1  1  0/0   20 
Michal Handzus           1  1  2   2  0   3  1  0  8/11  19 
Radek Dvorak             2  1  3   3  0   3  1  0  1/4   14 
Roman Hamrlik            0  0  0   0  0   2  1  3  0/0   24 
Scott Hannan             0  0  0   1  0   3  1  0  0/0   18 
Scott Nichol             0  0  0   0  2   0  0  0  7/13  10 
Stephen Weiss            0  1  1   1  0   1  1  0  13/21 21 
Steve Sullivan           0  0  0   1  2   1  2  0  2/2   19 
Todd Marchant            0  0  0   2  0   0  2  0  0/1   7  
Jets
Player Name              G  A  P  +/- PIM S  H  SB FO    MP 
------------------------------------------------------------
Alex Goligoski           0  0  0  -1  2   1  2  1  0/0   24 
Andy McDonald            0  2  2  -1  0   2  0  0  11/26 24 
Blake Comeau             1  0  1   0  0   1  0  0  0/1   8  
Brian Boyle              0  0  0   0  2   0  3  0  10/19 16 
Cam Fowler               0  1  1  -1  0   1  2  3  0/0   24 
Carlo Colaiacovo         0  0  0   0  2   0  0  0  0/0   12 
Clarke MacArthur         0  0  0   0  2   2  0  0  0/1   6  
Daniel Sedin             1  0  1  -1  0   3  0  1  0/0   18 
Eric Fehr                0  0  0   0  0   0  0  0  0/0   0  
Erik Cole                0  1  1  -1  2   0  4  0  1/1   20 
Henrik Sedin             0  1  1  -1  0   2  1  0  12/25 23 
Mark Giordano            0  0  0   0  2   1  2  0  0/0   19 
Martin Erat              1  1  2  -1  0   2  1  0  0/0   21 
Nathan Gerbe             0  0  0   0  2   0  1  0  1/2   16 
Nick Schultz             0  0  0  -3  0   1  3  0  0/0   20 
Pierre-Alexandre Parente 0  0  0  -1  0   0  2  0  0/1   17 
Tyler Ennis              0  0  0   0  0   2  0  0  0/1   12 
Victor Hedman            0  0  0   0  0   0  4  3  0/0   26 

3 Stars

1 - Radek Dvorak (EDM)
2 - Michal Handzus (EDM)
3 - Brent Sopel (EDM)

Power Play

Oilers - 0 on 6 Attempt(s) - 0.00%
Jets - 2 on 4 Attempt(s) - 50.00%

Penalty Kill

Oilers - 2 on 4 Attempt(s) - 50.00% - Score 1 goal in Penalty Kill
Jets - 6 on 6 Attempt(s) - 100.00% - Score 0 goal in Penalty Kill

Game Notes

No Game Note

Finance

Level 1 -- Attendance: 5468 (91.13%) -- Ticket Income $492,120.00
Level 2 -- Attendance: 5000 (100.00%) -- Ticket Income $235,000.00
Level 3 -- Attendance: 2200 (100.00%) -- Ticket Income $72,600.00
Level 4 -- Attendance: 1015 (100.00%) -- Ticket Income $23,345.00
Luxury Box -- Attendance: 800 (100.00%) -- Ticket Income $136,000.00
Game was played at the MTS Center
Total Attendance: 14483 (96.46%)
Total Ticket Income: $1,023,728.00
Other Income: $218,597.70
Total Income: $1,242,326.00


Play by Play

Period #1

0:01 of 1st period - Stephen Weiss wins face-off versus Henrik Sedin in neutral zone.
0:03 of 1st period - Dany Heatley is hit by Victor Hedman.
0:19 of 1st period - Shot by Daniel Sedin.
0:19 of 1st period - Shot Blocked by Chris Phillips.
0:43 of 1st period - Shot by Daniel Sedin.
0:43 of 1st period - Shot Misses the Net.
0:55 of 1st period - Andrew Ladd is hit by Pierre-Alexandre Parenteau and loses puck.
1:02 of 1st period - Shot by Martin Erat.
1:02 of 1st period - Shot Blocked by Dany Heatley.
1:04 of 1st period - Shot by Nick Schultz.
1:04 of 1st period - Stopped by Kari Lehtonen with a rebound.
1:12 of 1st period - Shot by Andy McDonald.
1:12 of 1st period - Deflect By Martin Erat.
1:12 of 1st period - Stopped by Kari Lehtonen without a rebound.
1:13 of 1st period - Derek Roy wins face-off versus Brian Boyle in Oilers zone.
1:28 of 1st period - Shot by Derek Roy.
1:28 of 1st period - Stopped by Ilya Bryzgalov without a rebound.
1:29 of 1st period - Andy McDonald wins face-off versus Michal Handzus in Jets zone.
1:34 of 1st period - Shot by Pierre-Alexandre Parenteau.
1:34 of 1st period - Shot Misses the Net.
1:40 of 1st period - Shot by Michal Handzus.
1:40 of 1st period - Shot Hit the Post.
1:42 of 1st period - Shot by Radek Dvorak.
1:42 of 1st period - Deflect By Michal Handzus.
1:42 of 1st period - Goal by Michal Handzus - Oilers : 1 - Jets : 0.
1:43 of 1st period - Nathan Gerbe wins face-off versus Derek Roy in neutral zone.
2:12 of 1st period - Icing by Carlo Colaiacovo.
2:13 of 1st period - Brian Boyle wins face-off versus Michal Handzus in Jets zone.
2:13 of 1st period - Brian Boyle is hit by Todd Marchant.
2:16 of 1st period - Tyler Ennis is hit by Michal Handzus and loses puck.
2:31 of 1st period - Shot by Scott Hannan.
2:31 of 1st period - Stopped by Ilya Bryzgalov without a rebound.
2:32 of 1st period - Andy McDonald wins face-off versus Scott Nichol in Jets zone.
3:10 of 1st period - Adam Burish is hit by Nick Schultz and loses puck.
3:30 of 1st period - Steve Sullivan is hit by Victor Hedman and loses puck.
4:06 of 1st period - Dany Heatley is hit by Victor Hedman and loses puck.
4:26 of 1st period - Andrew Ladd is hit by Alex Goligoski and loses puck.
4:30 of 1st period - Minor Penalty to Alex Goligoski for Slashing.
4:31 of 1st period - Steve Sullivan wins face-off versus Andy McDonald in Jets zone.
5:24 of 1st period - Shot by Stephen Weiss.
5:24 of 1st period - Deflect By Andrew Ladd.
5:24 of 1st period - Stopped by Ilya Bryzgalov with a rebound.
5:28 of 1st period - Shot by Stephen Weiss.
5:28 of 1st period - Shot Blocked by Cam Fowler.
5:30 of 1st period - Shot by Scott Hannan.
5:30 of 1st period - Stopped by Ilya Bryzgalov with a rebound.
5:32 of 1st period - Shot by Roman Hamrlik.
5:32 of 1st period - Stopped by Ilya Bryzgalov without a rebound.
5:33 of 1st period - Henrik Sedin wins face-off versus Derek Roy in Jets zone.
5:46 of 1st period - Shot by Karlis Skrastins.
5:46 of 1st period - Stopped by Ilya Bryzgalov with a rebound.
5:54 of 1st period - Shot by Karlis Skrastins.
5:54 of 1st period - Shot Blocked by Cam Fowler.
6:39 of 1st period - Shot by Radek Dvorak.
6:39 of 1st period - Shot Blocked by Victor Hedman.
6:41 of 1st period - Shot by Radek Dvorak.
6:41 of 1st period - Shot Misses the Net.
6:43 of 1st period - Shot by Radek Dvorak.
6:43 of 1st period - Stopped by Ilya Bryzgalov without a rebound.
6:44 of 1st period - Brian Boyle wins face-off versus Scott Nichol in Jets zone.
6:46 of 1st period - Icing by Mark Giordano.
6:47 of 1st period - Scott Nichol wins face-off versus Brian Boyle in Jets zone.
6:52 of 1st period - Shot by Scott Hannan.
6:52 of 1st period - Stopped by Ilya Bryzgalov without a rebound.
6:53 of 1st period - Michal Handzus wins face-off versus Brian Boyle in Jets zone.
7:07 of 1st period - Minor Penalty to Brian Boyle for Tripping.
7:08 of 1st period - Stephen Weiss wins face-off versus Andy McDonald in Jets zone.
7:09 of 1st period - Shot by Dany Heatley.
7:09 of 1st period - Stopped by Ilya Bryzgalov without a rebound.
7:10 of 1st period - Andy McDonald wins face-off versus Stephen Weiss in Jets zone.
7:10 of 1st period - Mark Giordano is hit by Dany Heatley and loses puck.
8:36 of 1st period - Icing by Jochen Hecht.
8:37 of 1st period - Steve Sullivan wins face-off versus Henrik Sedin in Oilers zone.
9:46 of 1st period - Victor Hedman is hit by Brent Sopel and loses puck.
10:02 of 1st period - Icing by Nick Schultz.
10:03 of 1st period - Andy McDonald wins face-off versus Scott Nichol in Jets zone.
10:09 of 1st period - Cam Fowler is hit by Adrian Aucoin and loses puck.
10:56 of 1st period - Off-side.
10:57 of 1st period - Dany Heatley wins face-off versus Blake Comeau in neutral zone.
11:18 of 1st period - Dany Heatley is hit by Brian Boyle and loses puck.
11:36 of 1st period - Minor Penalty to Nathan Gerbe for Hooking.
11:37 of 1st period - Derek Roy wins face-off versus Henrik Sedin in Jets zone.
11:46 of 1st period - Shot by Jochen Hecht.
11:46 of 1st period - Stopped by Ilya Bryzgalov without a rebound.
11:47 of 1st period - Derek Roy wins face-off versus Henrik Sedin in Jets zone.
12:16 of 1st period - Shot by Derek Roy.
12:16 of 1st period - Stopped by Ilya Bryzgalov without a rebound.
12:17 of 1st period - Henrik Sedin wins face-off versus Stephen Weiss in Jets zone.
13:41 of 1st period - Shot by Tyler Ennis.
13:41 of 1st period - Stopped by Kari Lehtonen without a rebound.
13:42 of 1st period - Michal Handzus wins face-off versus Brian Boyle in Oilers zone.
14:31 of 1st period - Icing by Cam Fowler.
14:32 of 1st period - Brian Boyle wins face-off versus Stephen Weiss in Jets zone.
14:45 of 1st period - Shot by Andrew Ladd.
14:45 of 1st period - Stopped by Ilya Bryzgalov without a rebound.
14:46 of 1st period - Scott Nichol wins face-off versus Henrik Sedin in Jets zone.
15:02 of 1st period - Shot by Henrik Sedin.
15:02 of 1st period - Shot Misses the Net.
15:04 of 1st period - Shot by Alex Goligoski.
15:04 of 1st period - Stopped by Kari Lehtonen with a rebound.
15:06 of 1st period - Shot by Daniel Sedin.
15:06 of 1st period - Shot Misses the Net.
15:11 of 1st period - Minor Penalty to Adrian Aucoin for Hooking.
15:12 of 1st period - Scott Nichol wins face-off versus Andy McDonald in Oilers zone.
16:05 of 1st period - Shot by Daniel Sedin.
16:05 of 1st period - Stopped by Kari Lehtonen without a rebound.
16:06 of 1st period - Henrik Sedin wins face-off versus Michal Handzus in Oilers zone.
16:10 of 1st period - Daniel Sedin is hit by Scott Hannan and loses puck.
16:31 of 1st period - Shot by Henrik Sedin.
16:31 of 1st period - Deflect By Daniel Sedin.
16:31 of 1st period - Goal by Daniel Sedin - Oilers : 1 - Jets : 1.
16:32 of 1st period - Brian Boyle wins face-off versus Stephen Weiss in neutral zone.
16:57 of 1st period - Shot by Tyler Ennis.
16:57 of 1st period - Stopped by Kari Lehtonen without a rebound.
16:58 of 1st period - Andy McDonald wins face-off versus Derek Roy in Oilers zone.
17:10 of 1st period - Icing by Karlis Skrastins.
17:11 of 1st period - Derek Roy wins face-off versus Brian Boyle in Oilers zone.
17:15 of 1st period - Minor Penalty to Jochen Hecht for Goalie Interference.
17:16 of 1st period - Adam Burish wins face-off versus Andy McDonald in Oilers zone.
17:45 of 1st period - Shot by Mark Giordano.
17:45 of 1st period - Stopped by Kari Lehtonen without a rebound.
17:46 of 1st period - Scott Nichol wins face-off versus Henrik Sedin in Oilers zone.
17:46 of 1st period - Scott Nichol is hit by Erik Cole.
18:52 of 1st period - Mark Giordano is hit by Todd Marchant.
19:10 of 1st period - Shot by Blake Comeau.
19:10 of 1st period - Shot Misses the Net.
19:12 of 1st period - Shot by Blake Comeau.
19:12 of 1st period - Goal by Blake Comeau - Oilers : 1 - Jets : 2.
19:13 of 1st period - Derek Roy wins face-off versus Brian Boyle in neutral zone.
19:13 of 1st period - Karlis Skrastins is hit by Nathan Gerbe.
19:55 of 1st period - Shot by Tyler Ennis.
19:55 of 1st period - Shot Misses the Net.

Period #2

0:01 of 2nd period - Henrik Sedin wins face-off versus Stephen Weiss in neutral zone.
0:13 of 2nd period - Daniel Sedin is hit by Roman Hamrlik and loses puck.
0:42 of 2nd period - Shot by Dany Heatley.
0:42 of 2nd period - Deflect By Andrew Ladd.
0:42 of 2nd period - Stopped by Ilya Bryzgalov without a rebound.
0:43 of 2nd period - Andy McDonald wins face-off versus Derek Roy in Jets zone.
1:51 of 2nd period - Shot by Michal Handzus.
1:51 of 2nd period - Stopped by Ilya Bryzgalov with a rebound.
2:04 of 2nd period - Shot by Radek Dvorak.
2:04 of 2nd period - Shot Misses the Net.
2:06 of 2nd period - Shot by Brent Sopel.
2:06 of 2nd period - Shot Misses the Net.
2:08 of 2nd period - Shot by Radek Dvorak.
2:08 of 2nd period - Goal by Radek Dvorak - Oilers : 2 - Jets : 2.
2:09 of 2nd period - Henrik Sedin wins face-off versus Stephen Weiss in neutral zone.
2:17 of 2nd period - Andrew Ladd is hit by Victor Hedman and loses puck.
2:28 of 2nd period - Shot by Stephen Weiss.
2:28 of 2nd period - Stopped by Ilya Bryzgalov with a rebound.
2:30 of 2nd period - Shot by Andrew Ladd.
2:30 of 2nd period - Deflect By Stephen Weiss.
2:30 of 2nd period - Shot Blocked by Daniel Sedin.
2:34 of 2nd period - Shot by Andrew Ladd.
2:34 of 2nd period - Shot Misses the Net.
3:09 of 2nd period - Icing by Adrian Aucoin.
3:10 of 2nd period - Brian Boyle wins face-off versus Derek Roy in Oilers zone.
3:13 of 2nd period - Shot by Clarke MacArthur.
3:13 of 2nd period - Shot Hit the Post.
3:25 of 2nd period - Shot by Steve Sullivan.
3:25 of 2nd period - Shot Misses the Net.
3:27 of 2nd period - Shot by Steve Sullivan.
3:27 of 2nd period - Stopped by Ilya Bryzgalov without a rebound.
3:28 of 2nd period - Brian Boyle wins face-off versus Radek Dvorak in Jets zone.
3:28 of 2nd period - Brian Boyle is hit by Radek Dvorak.
3:33 of 2nd period - Victor Hedman is hit by Steve Sullivan and loses puck.
3:55 of 2nd period - Shot by Michal Handzus.
3:55 of 2nd period - Shot Blocked by Victor Hedman.
3:57 of 2nd period - Shot by Radek Dvorak.
3:57 of 2nd period - Shot Hit the Post.
4:03 of 2nd period - Shot by Michal Handzus.
4:03 of 2nd period - Stopped by Ilya Bryzgalov without a rebound.
4:04 of 2nd period - Scott Nichol wins face-off versus Pierre-Alexandre Parenteau in Jets zone.
5:14 of 2nd period - Minor Penalty to Mark Giordano for Hooking.
5:14 of 2nd period - Minor Penalty to Scott Nichol for Tripping.
5:15 of 2nd period - Andy McDonald wins face-off versus Derek Roy in Jets zone.
5:28 of 2nd period - Shot by Andy McDonald.
5:28 of 2nd period - Shot Misses the Net.
5:30 of 2nd period - Shot by Martin Erat.
5:30 of 2nd period - Goal by Martin Erat - Oilers : 2 - Jets : 3.
5:31 of 2nd period - Stephen Weiss wins face-off versus Henrik Sedin in neutral zone.
5:34 of 2nd period - Henrik Sedin is hit by Dany Heatley and loses puck.
6:05 of 2nd period - Shot by Roman Hamrlik.
6:05 of 2nd period - Stopped by Ilya Bryzgalov without a rebound.
6:06 of 2nd period - Derek Roy wins face-off versus Andy McDonald in Jets zone.
6:19 of 2nd period - Shot by Andy McDonald.
6:19 of 2nd period - Stopped by Kari Lehtonen with a rebound.
6:40 of 2nd period - Andrew Ladd is hit by Cam Fowler and loses puck.
6:48 of 2nd period - Icing by Nick Schultz.
6:49 of 2nd period - Stephen Weiss wins face-off versus Andy McDonald in Jets zone.
7:03 of 2nd period - Dany Heatley is hit by Nick Schultz and loses puck.
7:07 of 2nd period - Icing by Nick Schultz.
7:08 of 2nd period - Stephen Weiss wins face-off versus Andy McDonald in Jets zone.
9:11 of 2nd period - Shot by Nathan Gerbe.
9:11 of 2nd period - Deflect By Tyler Ennis.
9:11 of 2nd period - Shot Misses the Net.
9:13 of 2nd period - Shot by Brian Boyle.
9:13 of 2nd period - Shot Misses the Net.
9:15 of 2nd period - Shot by Carlo Colaiacovo.
9:15 of 2nd period - Shot Misses the Net.
9:17 of 2nd period - Shot by Tyler Ennis.
9:17 of 2nd period - Shot Misses the Net.
10:00 of 2nd period - Icing by Cam Fowler.
10:01 of 2nd period - Stephen Weiss wins face-off versus Andy McDonald in Jets zone.
10:01 of 2nd period - Stephen Weiss is hit by Cam Fowler.
10:47 of 2nd period - Off-side.
10:48 of 2nd period - Brian Boyle wins face-off versus Scott Nichol in neutral zone.
11:34 of 2nd period - Shot by Daniel Sedin.
11:34 of 2nd period - Stopped by Kari Lehtonen with a rebound.
12:13 of 2nd period - Fernando Pisani is hit by Brian Boyle and loses puck.
12:20 of 2nd period - Shot by Blake Comeau.
12:20 of 2nd period - Deflect By Brian Boyle.
12:20 of 2nd period - Shot Misses the Net.
12:22 of 2nd period - Shot by Clarke MacArthur.
12:22 of 2nd period - Stopped by Kari Lehtonen without a rebound.
12:23 of 2nd period - Andy McDonald wins face-off versus Stephen Weiss in Oilers zone.
13:02 of 2nd period - Icing by Andrew Ladd.
13:03 of 2nd period - Brian Boyle wins face-off versus Dany Heatley in Oilers zone.
13:35 of 2nd period - Minor Penalty to Adrian Aucoin for Hooking.
13:36 of 2nd period - Henrik Sedin wins face-off versus Todd Marchant in Oilers zone.
15:03 of 2nd period - Shot by Radek Dvorak.
15:03 of 2nd period - Goal by Radek Dvorak - Oilers : 3 - Jets : 3.
15:04 of 2nd period - Henrik Sedin wins face-off versus Radek Dvorak in neutral zone.
16:42 of 2nd period - Steve Sullivan is hit by Mark Giordano and loses puck.
17:40 of 2nd period - Icing by Chris Phillips.
17:41 of 2nd period - Henrik Sedin wins face-off versus Scott Nichol in Oilers zone.
17:55 of 2nd period - Shot by Daniel Sedin.
17:55 of 2nd period - Shot Misses the Net.
18:40 of 2nd period - Minor Penalty to Steve Sullivan for Roughing.
18:41 of 2nd period - Michal Handzus wins face-off versus Andy McDonald in Oilers zone.
18:52 of 2nd period - Shot by Cam Fowler.
18:52 of 2nd period - Stopped by Kari Lehtonen without a rebound.
18:53 of 2nd period - Michal Handzus wins face-off versus Henrik Sedin in Oilers zone.
19:04 of 2nd period - Shot by Victor Hedman.
19:04 of 2nd period - Shot Blocked by Roman Hamrlik.
19:08 of 2nd period - Shot by Erik Cole.
19:08 of 2nd period - Shot Blocked by Karlis Skrastins.
19:52 of 2nd period - Shot by Andy McDonald.
19:52 of 2nd period - Stopped by Kari Lehtonen with a rebound.

Period #3

0:01 of 3rd period - Michal Handzus wins face-off versus Henrik Sedin in neutral zone.
0:47 of 3rd period - Shot by Pierre-Alexandre Parenteau.
0:47 of 3rd period - Shot Misses the Net.
0:50 of 3rd period - Icing by Scott Hannan.
0:51 of 3rd period - Michal Handzus wins face-off versus Nathan Gerbe in Oilers zone.
0:51 of 3rd period - Michal Handzus is hit by Brian Boyle.
0:58 of 3rd period - Off-side.
0:59 of 3rd period - Stephen Weiss wins face-off versus Andy McDonald in neutral zone.
1:38 of 3rd period - Shot by Stephen Weiss.
1:38 of 3rd period - Deflect By Andrew Ladd.
1:38 of 3rd period - Stopped by Ilya Bryzgalov without a rebound.
1:39 of 3rd period - Brian Boyle wins face-off versus Derek Roy in Jets zone.
1:39 of 3rd period - Victor Hedman is hit by Steve Sullivan and loses puck.
1:58 of 3rd period - Carlo Colaiacovo is hit by Karlis Skrastins and loses puck.
2:14 of 3rd period - Icing by Victor Hedman.
2:15 of 3rd period - Michal Handzus wins face-off versus Tyler Ennis in Jets zone.
2:35 of 3rd period - Off-side.
2:36 of 3rd period - Stephen Weiss wins face-off versus Andy McDonald in neutral zone.
4:51 of 3rd period - Adrian Aucoin is hit by Martin Erat and loses puck.
5:00 of 3rd period - Derek Roy is hit by Pierre-Alexandre Parenteau and loses puck.
5:51 of 3rd period - Shot by Brian Boyle.
5:51 of 3rd period - Shot Misses the Net.
6:01 of 3rd period - Derek Roy is hit by Erik Cole and loses puck.
7:19 of 3rd period - Shot by Clarke MacArthur.
7:19 of 3rd period - Shot Misses the Net.
8:50 of 3rd period - Shot by Michal Handzus.
8:50 of 3rd period - Shot Blocked by Alex Goligoski.
8:53 of 3rd period - Icing by Alex Goligoski.
8:54 of 3rd period - Scott Nichol wins face-off versus Henrik Sedin in Jets zone.
8:58 of 3rd period - Fernando Pisani is hit by Alex Goligoski and loses puck.
9:30 of 3rd period - Off-side.
9:31 of 3rd period - Stephen Weiss wins face-off versus Brian Boyle in neutral zone.
9:45 of 3rd period - Icing by Brian Boyle.
9:46 of 3rd period - Scott Nichol wins face-off versus Brian Boyle in Jets zone.
10:07 of 3rd period - Icing by Fernando Pisani.
10:08 of 3rd period - Andy McDonald wins face-off versus Scott Nichol in Oilers zone.
10:23 of 3rd period - Shot by Andy McDonald.
10:23 of 3rd period - Shot Blocked by Roman Hamrlik.
11:33 of 3rd period - Icing by Brent Sopel.
11:34 of 3rd period - Michal Handzus wins face-off versus Brian Boyle in Oilers zone.
11:49 of 3rd period - Shot by Tyler Ennis.
11:49 of 3rd period - Shot Misses the Net.
12:00 of 3rd period - Minor Penalty to Carlo Colaiacovo for Hooking.
12:01 of 3rd period - Henrik Sedin wins face-off versus Stephen Weiss in Jets zone.
12:01 of 3rd period - Henrik Sedin is hit by Dany Heatley.
12:26 of 3rd period - Shot by Stephen Weiss.
12:26 of 3rd period - Shot Misses the Net.
12:30 of 3rd period - Shot by Andrew Ladd.
12:30 of 3rd period - Shot Misses the Net.
12:32 of 3rd period - Shot by Adrian Aucoin.
12:32 of 3rd period - Shot Misses the Net.
12:34 of 3rd period - Shot by Stephen Weiss.
12:34 of 3rd period - Shot Misses the Net.
12:53 of 3rd period - Minor Penalty to Clarke MacArthur for Interference.
12:54 of 3rd period - Derek Roy wins face-off versus Andy McDonald in Jets zone.
14:04 of 3rd period - Cam Fowler is hit by Stephen Weiss and loses puck.
14:19 of 3rd period - Shot by Jochen Hecht.
14:19 of 3rd period - Shot Blocked by Cam Fowler.
15:51 of 3rd period - Icing by Nathan Gerbe.
15:52 of 3rd period - Brian Boyle wins face-off versus Derek Roy in Jets zone.
16:43 of 3rd period - Off-side.
16:44 of 3rd period - Erik Cole wins face-off versus Radek Dvorak in neutral zone.
16:51 of 3rd period - Shot by Henrik Sedin.
16:51 of 3rd period - Stopped by Kari Lehtonen with a rebound.
17:15 of 3rd period - Scott Hannan is hit by Erik Cole and loses puck.
17:39 of 3rd period - Derek Roy is hit by Mark Giordano and loses puck.
17:59 of 3rd period - Icing by Adrian Aucoin.
18:00 of 3rd period - Derek Roy wins face-off versus Andy McDonald in Oilers zone.
18:06 of 3rd period - Adrian Aucoin is hit by Nick Schultz and loses puck.
18:37 of 3rd period - Shot by Martin Erat.
18:37 of 3rd period - Deflect By Andy McDonald.
18:37 of 3rd period - Shot Blocked by Roman Hamrlik.
18:46 of 3rd period - Icing by Roman Hamrlik.
18:47 of 3rd period - Stephen Weiss wins face-off versus Clarke MacArthur in Oilers zone.
19:08 of 3rd period - Shot by Clarke MacArthur.
19:08 of 3rd period - Shot Misses the Net.
19:12 of 3rd period - Shot by Clarke MacArthur.
19:12 of 3rd period - Stopped by Kari Lehtonen without a rebound.
19:13 of 3rd period - Radek Dvorak wins face-off versus Andy McDonald in Oilers zone.
19:13 of 3rd period - Dany Heatley is hit by Erik Cole.
19:16 of 3rd period - Minor Penalty to Erik Cole for High sticking.
19:17 of 3rd period - Stephen Weiss wins face-off versus Henrik Sedin in Jets zone.
19:26 of 3rd period - Shot by Andrew Ladd.
19:26 of 3rd period - Shot Blocked by Victor Hedman.
19:28 of 3rd period - Shot by Chris Phillips.
19:28 of 3rd period - Shot Misses the Net.
19:30 of 3rd period - Shot by Chris Phillips.
19:30 of 3rd period - Shot Misses the Net.
19:32 of 3rd period - Shot by Chris Phillips.
19:32 of 3rd period - Stopped by Ilya Bryzgalov without a rebound.
19:33 of 3rd period - Henrik Sedin wins face-off versus Derek Roy in Jets zone.
19:33 of 3rd period - Henrik Sedin is hit by Jochen Hecht.
19:45 of 3rd period - Shot by Adrian Aucoin.
19:45 of 3rd period - Stopped by Ilya Bryzgalov without a rebound.
19:46 of 3rd period - Andy McDonald wins face-off versus Derek Roy in Jets zone.
19:54 of 3rd period - Icing by Derek Roy.
19:55 of 3rd period - Derek Roy wins face-off versus Andy McDonald in Oilers zone.

Overtime #1

0:01 of 1st overtime period - Henrik Sedin wins face-off versus Dany Heatley in neutral zone.
0:45 of 1st overtime period - Shot by Stephen Weiss.
0:45 of 1st overtime period - Shot Misses the Net.
1:06 of 1st overtime period - Off-side.
1:07 of 1st overtime period - Henrik Sedin wins face-off versus Derek Roy in neutral zone.
1:15 of 1st overtime period - Icing by Andrew Ladd.
1:16 of 1st overtime period - Andy McDonald wins face-off versus Derek Roy in Oilers zone.
2:20 of 1st overtime period - Shot by Henrik Sedin.
2:20 of 1st overtime period - Stopped by Kari Lehtonen without a rebound.
2:21 of 1st overtime period - Stephen Weiss wins face-off versus Henrik Sedin in Oilers zone.
2:44 of 1st overtime period - Shot by Alex Goligoski.
2:44 of 1st overtime period - Shot Misses the Net.
2:48 of 1st overtime period - Shot by Daniel Sedin.
2:48 of 1st overtime period - Shot Misses the Net.
2:50 of 1st overtime period - Shot by Alex Goligoski.
2:50 of 1st overtime period - Shot Misses the Net.
4:21 of 1st overtime period - Icing by Roman Hamrlik.
4:22 of 1st overtime period - Stephen Weiss wins face-off versus Henrik Sedin in Oilers zone.
4:22 of 1st overtime period - Stephen Weiss is hit by Henrik Sedin.
4:59 of 1st overtime period - Icing by Derek Roy.

ShootOut

ShootOut - Penalty Shot by Derek Roy for Oilers.
ShootOut - Goal by Derek Roy.
ShootOut - Penalty Shot by Henrik Sedin for Jets.
ShootOut - Goal by Henrik Sedin.
ShootOut - Penalty Shot by Stephen Weiss for Oilers.
ShootOut - Stopped by Ilya Bryzgalov.
ShootOut - Penalty Shot by Andy McDonald for Jets.
ShootOut - Stopped by Kari Lehtonen.
ShootOut - Penalty Shot by Andrew Ladd for Oilers.
ShootOut - Shot Misses the Net.
ShootOut - Penalty Shot by Erik Cole for Jets.
ShootOut - Shot Misses the Net.
ShootOut - Penalty Shot by Jochen Hecht for Oilers.
ShootOut - Stopped by Ilya Bryzgalov.
ShootOut - Penalty Shot by Blake Comeau for Jets.
ShootOut - Stopped by Kari Lehtonen.
ShootOut - Penalty Shot by Michal Handzus for Oilers.
ShootOut - Stopped by Ilya Bryzgalov.
ShootOut - Penalty Shot by Martin Erat for Jets.
ShootOut - Stopped by Kari Lehtonen.
ShootOut - Penalty Shot by Adam Burish for Oilers.
ShootOut - Stopped by Ilya Bryzgalov.
ShootOut - Penalty Shot by Daniel Sedin for Jets.
ShootOut - Goal by Daniel Sedin.


Output by the SimonT Hockey Simulator (STHS) for Stephane Roy -- Original Page W3C XHTML 1.0 Valid